 Dungeon Crawl Stone Soup version 0.31-a0-1338-gb567cfdca4 (webtiles) character file.

Game seed: 13362328274510934159

691 Fodor the Chopper (level 7, -1/61 HPs)
             Began as a Minotaur Fighter on Dec 22, 2023.
             Incinerated by a bombardier beetle (4 damage)
             ... with a burning spray
             ... on level 5 of the Dungeon.
             The game lasted 00:17:36 (3278 turns).

Fodor the Chopper (Minotaur Fighter)                Turns: 3278, Time: 00:17:36

Health: -1/61      AC: 10    Str: 23    XL:     7   Next: 36%
Magic:  0/6        EV:  9    Int:  5    God:
Gold:   189        SH:  0    Dex:  9    Spells: 6/6 levels left

rFire   . . .        u - +6 scythe (vamp)
rCold   . . .        (shield currently unavailable)
rNeg    . . .        b - +0 chain mail
rPois   +            (helmet restricted)
rElec   .            (no cloak)
rCorr   .            (no gloves)
SInv    .            (no boots)
Will    .....        j - amulet of guardian spirit Stlth
                     f - ring of flight
HPRegen 0.30/turn    l - ring of poison resistance
MPRegen 0.10/turn

%: guardian spirit
@: on fire, flying, glowing
A: horns 2, retaliatory headbutt
a: no special abilities


You were on level 5 of the Dungeon.
You visited 2 branches of the dungeon, and saw 6 of its levels.

You collected 217 gold pieces.
You spent 28 gold pieces at shops.

Inventory:

Hand Weapons
 a - a +0 war axe
 k - a +0 triple crossbow
 u - a +6 vampiric scythe (weapon)
Armour
 b - a +0 chain mail (worn)
 c - a +0 buckler
Jewellery
 e - a ring of see invisible
 f - a ring of flight (left hand)
 j - an amulet of guardian spirit (around neck)
 l - a ring of poison resistance (right hand)
Talismans
 o - a maw talisman
Scrolls
 g - a scroll of fog
 m - a scroll of amnesia
 n - 2 scrolls of teleportation {unknown}
 p - 2 scrolls of immolation
 q - a scroll of enchant weapon
 r - a scroll of vulnerability
 s - a scroll of identify
Potions
 d - a potion of might
 h - 2 potions of invisibility {unknown}
 i - a potion of curing {unknown}
 t - a potion of attraction {unknown}


   Skills:
 + Level 5.0 Fighting
 + Level 7.2(7.3) Axes
 + Level 0.9(4.5) Polearms
 + Level 5.6 Armour
 + Level 1.3 Dodging
 + Level 0.7 Stealth
 + Level 4.6 Shields


You had 6 spell levels left.
You didn't know any spells.
Your spell library contained the following spells:

 Spells                   Type           Power      Damage    Failure   Level
 Apportation              Tloc           0%         N/A       96%         1
 Necrotise                Necr           0%         1d4       96%         1
 Sting                    Conj/Alch      0%         1d3       96%         1
 Summon Small Mammal      Summ           0%         N/A       96%         1
 Dazzling Flash           Conj/Hex       0%         N/A       100%        3
 Mephitic Cloud           Conj/Alch/Air  0%         N/A       100%        3
 Agony                    Necr           0%         N/A       100%        5
 Silence                  Hex/Air        0%         N/A       100%        5


Dungeon Overview and Level Annotations

Branches:
Dungeon (5/15)             Temple (1/1) D:4

Altars:
Dithmenos
Fedhas
Kikubaaqudgha
Makhleb
Ru
Sif Muna
Uskayaw
Vehumet
Wu Jian
Xom
Zin
The Shining One

Shops:
D:2 ?   D:4 [

Annotations:
D:5 Dowan


Innate Abilities, Weirdness & Mutations

You have a pair of horns on your head.
You reflexively headbutt those who attack you in melee.


Message History

The liquid fire burns you! Duvessa barely misses you.
Dowan points at you and mumbles some strange words.
The puff of flame hits you.
You slice Duvessa!!
You kill Duvessa!
Dowan's eyes darken. "You have made a grave mistake."
Dowan seems to find hidden reserves of power!
The liquid fire burns you! Dowan hits you but does no damage.
Dowan gestures at you while chanting. The shard of ice hits you!
* * * LOW HITPOINT WARNING * * *
Your Fighting skill increases to level 5!
You barely miss Dowan. Your headbutt misses Dowan.
Dowan is moderately wounded.
The liquid fire burns you!
* * * LOW HITPOINT WARNING * * *
Dowan hits you but does no damage.
The bombardier beetle bites you but does no damage.
Dowan hits you but does no damage.
You shake off some of the fire as you move.
The liquid fire burns you!
* * * LOW HITPOINT WARNING * * *
Dowan mumbles some strange words.
Dowan blinks!
You shake off some of the fire as you move.
The liquid fire burns you!
* * * LOW HITPOINT WARNING * * *
The bombardier beetle attacks as it pursues you!
The bombardier beetle bites you but does no damage.
You see here a +0 ring mail.
You hit the bombardier beetle.
You feel better.
You headbutt the bombardier beetle.
You kill the bombardier beetle!
The liquid fire burns you!
* * * LOW HITPOINT WARNING * * *
You shake off some of the fire as you move.
The liquid fire burns you!
You die...

#.# ####.# ..##.#
#.##.# # #.##.#
#.####.##.#
#........)#######
#.....$.@[....#
#..<....#####.#
......##....#
##### #.##e#
...##.# .#####.#
. ... #..


You could see Dowan (fast).

Vanquished Creatures
  Grinder (D:4)
  Sigmund (D:4)
  Duvessa (D:5)
  A hound (D:4)
  2 orc priests (D:3)
  A statue (D:3)
  2 adders (D:2)
  2 bombardier beetles
  A worm (D:2)
  4 dart slugs
  11 orcs
  11 endoplasms
  2 giant cockroaches
  5 goblins
  6 hobgoblins
  2 quokkas
  4 ball pythons
  4 bats
  4 frilled lizards
  3 kobolds
  4 rats
72 creatures vanquished.

Notes
Turn   | Place    | Note
-------+----------+-------------------------------------------
     0 | D:1      | Fodor the Minotaur Fighter began the quest for the Orb.
     0 | D:1      | Reached XP level 1. HP: 19/19 MP: 0/0
   304 | D:1      | Reached XP level 2. HP: 23/27 MP: 1/1
   741 | D:1      | You are sucked into a shaft and drop 1 floor!
   754 | D:2      | Reached XP level 3. HP: 32/33 MP: 2/2
  1080 | D:2      | Reached skill level 3 in Axes
  1312 | D:2      | Found Dasor's Magic Scroll Shop.
  1321 | D:2      | Bought a scroll of identify for 28 gold pieces
  1438 | D:3      | Found a radiant altar of Vehumet.
  1438 | D:3      | Noticed a frost-covered statue
  1453 | D:3      | Killed a frost-covered statue
  1454 | D:3      | Reached skill level 4 in Axes
  1454 | D:3      | Reached XP level 4. HP: 12/40 MP: 1/3
  1700 | D:3      | Reached XP level 5. HP: 41/46 MP: 2/4
  1714 | D:3      | Reached skill level 5 in Axes
  2283 | D:4      | Noticed Grinder
  2292 | D:4      | Paralysed by Grinder for 5 turns
  2315 | D:4      | Killed Grinder
  2316 | D:4      | Reached skill level 6 in Axes
  2316 | D:4      | Reached skill level 5 in Armour
  2316 | D:4      | Reached skill level 1 in Dodging
  2316 | D:4      | Reached XP level 6. HP: 35/53 MP: 2/5
  2849 | D:4      | Found a staircase to the Ecumenical Temple.
  2860 | Temple   | Entered the Ecumenical Temple
  2941 | D:4      | Noticed Sigmund
  2961 | D:4      | Killed Sigmund
  2962 | D:4      | Reached XP level 7. HP: 46/60 MP: 4/6
  2991 | D:4      | Reached skill level 7 in Axes
  3170 | D:4      | Found Xaseo's Antique Armour Shoppe.
  3260 | D:5      | Entered Level 5 of the Dungeon
  3263 | D:5      | Noticed Duvessa
  3263 | D:5      | Noticed Dowan
  3273 | D:5      | Killed Duvessa
  3274 | D:5      | Reached skill level 5 in Fighting
  3276 | D:5      | HP: 2/61 [burnt (2)]
  3278 | D:5      | Incinerated by a bombardier beetle

Illustrated notes

Levels and vault maps discovered:
D:1:      wheals_arrival_shading, layout_basic, minmay_tetromino_l2
D:2:      layout_rooms, serial_shops, shop
D:3:      layout_loops_ring, vehumet_statue
D:4:      layout_basic, minmay_temple_entry_glassed_door, serial_shops, shop,
          uniq_grinder, uniq_sigmund
D:5:      layout_loops_ring, serial_shops, shop, nicolae_shop_tiny_waterfront,
          kennysheep_mini, shop_statue, shop, uniq_duvessa, uniq_menkaure,
          uniq_edmund
Temple:   minmay_freezing_vapour_temple

Skill      XL: |  1  2  3  4  5  6  7 |
---------------+----------------------+-----
Armour         | 4 5 |  5.6
Fighting       | 4 5 |  5.0
Shields        | 4 |  4.6
Axes           | 4 6 7 |  7.2
Dodging        | 1 |  1.3
Polearms       | |  0.9
Stealth        | |  0.7

Action                     |  1- 3 |  4- 6 |  7- 9 || total
---------------------------+-------+-------+-------++-------
  Melee: War axe           |    64 |    71 |       ||   135
         Headbutt          |    10 |    18 |     3 ||    31
         Halberd           |       |       |    18 ||    18
    Use: Scroll            |     4 |     1 |       ||     5
 Armour: Scale mail        |    42 |    35 |       ||    77
         Chain mail        |       |     7 |    18 ||    25
  Dodge: Dodged            |    17 |    20 |     8 ||    45
  Block: Buckler           |    12 |    13 |       ||    25

Table legend: (Time is in decaauts)
 A = Elapsed time spent in this place.
 B = Non-inter-level travel time spent in this place.
 C = Inter-level travel time spent in this place.
 D = Time resting spent in this place.
 E = Time spent auto-exploring this place.
 F = Levels seen in this place.
 G = Mean time per level.
                   A        B        C        D        E       F      G
               +--------+--------+--------+--------+--------+-----+--------+
         Total |   3324 |   3158 |    166 |    141 |      0 |   6 |  554.0 |
       Dungeon |   3322 |   3156 |    166 |    141 |      0 |   5 |  664.4 |
        Temple |      1 |      1 |      0 |      0 |      0 |   1 |    1.0 |
               +--------+--------+--------+--------+--------+-----+--------+

Top non-repeatable levels by time:
     D:4: 1013 daAuts
     D:1: 951 daAuts
     D:3: 863 daAuts
     D:2: 472 daAuts
     D:5: 20 daAuts
  Temple: 1 daAuts
